 Dungeon Crawl Stone Soup version 0.27.1-33-g824d729ab1 (webtiles) character file.

Game seed: 13136590920045399982

209 Sharkman1231 the Skirmisher (level 5, 0/41 HPs)
             Began as a Demonspawn Wanderer on Dec 26, 2021.
             Slain by Dowan (4 damage)
             ... on level 4 of the Dungeon.
             The game lasted 00:03:14 (1789 turns).

Sharkman1231 the Skirmisher (Demonspawn Wanderer)   Turns: 1789, Time: 00:03:15

Health: 0/41       AC: 15    Str: 12    XL:     5   Next: 55%
Magic:  5/5        EV:  6    Int: 15    God:
Gold:   102        SH:  0    Dex: 12    Spells: 4/4 levels left

rFire    . . .     SeeInvis .     - Unarmed
rCold    . . .     Faith    .   e - +0 kite shield {AC+3}
rNeg     . . .     Spirit   .   b - +2 scale mail
rPois    .         Reflect  .   (helmet restricted)
rElec    .         Harm     .   (no cloak)
rCorr    .         Rampage  .   (no gloves)
Will     .....                  (no boots)
Stlth    ..........             (no amulet)
HPRegen  0.13/turn              l - +4 ring of protection
MPRegen  0.09/turn              (no ring)

@: confused, mighty, lit by a corona, glowing
A: horns 1, talons 1, condensation shield, demonic magic 1
a: no special abilities


You were on level 4 of the Dungeon.
You visited 1 branch of the dungeon, and saw 3 of its levels.

You collected 102 gold pieces.

Inventory:

Hand Weapons
 a - a +0 hand crossbow
Missiles
 c - 12 bolts
Armour
 b - a +2 scale mail (worn)
 d - a +0 buckler
 e - a +0 kite shield of protection (worn)
Jewellery
 h - a ring of magical power
 l - a +4 ring of protection (left hand)


   Skills:
 + Level 3.5 Fighting
 - Level 1.7 Short Blades
 - Level 3.0 Crossbows
 - Level 1.0 Throwing
 - Level 1.0 Armour
 + Level 1.9 Dodging
 + Level 1.3 Shields
 * Level 3.0 Unarmed Combat


You had 4 spell levels left.
You didn't know any spells.
Your spell library contained the following spells:

 Spells                   Type           Power      Damage    Failure   Level
 Freeze                   Ice            0%         1d3       100%        1
 Dazzling Flash           Conj/Hex       0%         N/A       100%        3
 Agony                    Necr           0%         N/A       100%        5
 Silence                  Hex/Air        0%         N/A       100%        5


Dungeon Overview and Level Annotations

Branches:
Dungeon (2/15)             Temple (0/1) D:4

Altars:

Annotations:
D:4 Dowan


Innate Abilities, Weirdness & Mutations

You have a pair of small horns on your head.
You have sharp toenails.
A meltable shield of frost defends you. (SH +0)
Spells you cast may paralyse adjacent enemies.


Message History

The orc throws a boomerang.
You block the boomerang.
Dowan gestures wildly while chanting.
Dowan blinks!
Unknown command.
You open the door. Something hits you but does no damage.
The endoplasm hits you but does no damage.
You block the adder's attack.
Found a potion of berserk rage.
Unknown command.
There is an open door here.
You punch the adder! Your headbutt misses the adder.
The adder is severely wounded.
You block the adder's attack. x2
You miss the adder. Your kick misses the adder.
The adder is severely wounded.
The adder bites you but does no damage.
You closely miss the adder. You headbutt the adder.
You kill the adder!
You are confused.
Your Unarmed Combat skill increases to level 3!
Dowan gestures at you while chanting.
You are outlined in light.
You are more confused.
Dowan hits you but does no damage.
Dowan points at you and mumbles some strange words.
The puff of flame hits you but does no damage.
Your condensation shield dissipates!
Your hearing returns.
An orc wizard appears from thin air!
Reactivating autopickup.
The orc throws a boomerang.
The boomerang hits you but does no damage.
The orc wizard hits you but does no damage.
Dowan hits you but does no damage. Dowan barely misses you.
You closely miss the orc wizard. Your headbutt misses the orc wizard.
The orc wizard is severely wounded.
The orc wizard hits you but does no damage.
Dowan hits you with a +0 dagger.
You die...

........................#
##+###......Z...........#
#....o.#+#######+#..o
#.....J'.!...... ...
#......#........
####+###o..##....
#.....##o..##....
#......eJ........
#.....@oo........
#################


You could see Dowan, an orc wizard, 3 orcs and an endoplasm.

Vanquished Creatures
  An ogre (D:4)
  Terence (D:1)
  2 orc wizards (D:4)
  2 adders
  2 dart slugs (D:1)
  4 orcs (D:4)
  An endoplasm (D:1)
  A giant cockroach (D:1)
  3 hobgoblins
  A quokka (D:2)
  2 ball pythons
  A frilled lizard (D:1)
  2 goblins
  3 kobolds (D:1)
  2 rats
28 creatures vanquished.

Notes
Turn   | Place    | Note
-------+----------+-------------------------------------------
     0 | D:1      | Sharkman1231 the Demonspawn Wanderer began the quest for
                  | the Orb.
     0 | D:1      | Sharkman1231 set off with the following items: a +0 hand
                  | crossbow, a +2 scale mail, 29 bolts, a +0 buckler
     0 | D:1      | Reached XP level 1. HP: 16/16 MP: 1/1
   357 | D:1      | Gained mutation: You have a pair of small horns on your
                  | head. [demonic ancestry]
   357 | D:1      | Reached XP level 2. HP: 23/23 MP: 2/2
   860 | D:2      | Found a faded altar of an unknown god.
   869 | D:2      | Got Plato's Guide on Snow
  1055 | D:2      | Reached skill level 1 in Unarmed Combat
  1185 | D:2      | Gained mutation: A meltable shield of frost defends you.
                  | (SH +0) [demonic ancestry]
  1185 | D:2      | Reached XP level 3. HP: 23/28 MP: 3/3
  1241 | D:2      | Noticed Terence
  1384 | D:1      | Killed Terence
  1385 | D:1      | Reached skill level 1 in Dodging
  1495 | D:2      | You fall into a shaft and drop 2 floors!
  1495 | D:4      | Noticed an ogre
  1498 | D:4      | Identified a scroll of acquirement
  1499 | D:4      | Acquired a +0 kite shield of protection
  1509 | D:4      | Killed an ogre
  1510 | D:4      | Gained mutation: Spells you cast may paralyse adjacent
                  | enemies. [demonic ancestry]
  1510 | D:4      | Reached XP level 4. HP: 35/35 MP: 4/4
  1510 | D:4      | Gained mutation: You have sharp toenails. [demonic
                  | ancestry]
  1510 | D:4      | Reached XP level 5. HP: 41/41 MP: 5/5
  1708 | D:4      | Found a staircase to the Ecumenical Temple.
  1765 | D:4      | Noticed Dowan
  1771 | D:4      | HP: 1/41 [frozen (4)]
  1789 | D:4      | Slain by Dowan

Illustrated notes

Levels and vault maps discovered:
D:1:      beargit_arrival_greenhouse, layout_loops_corners, minmay_fountain_box
D:2:      layout_basic, shapermc_ecumenical_altar_rom_forum, uniq_terence
D:4:      layout_gridville, minmay_temple_entry_mini_moons,
          nicolae_ossuary_entry_ruins, serial_bayou_pond_c, uniq_edmund,
          uniq_duvessa

Skill      XL: |  1  2  3  4  5 |
---------------+----------------+-----
Crossbows      | 3 |  3.0
Unarmed Combat | 1 2 3 |  3.0
Dodging        | 1 |  1.9
Fighting       | 3 |  3.5
Short Blades   | |  1.7
Throwing       | |  1.0
Armour         | |  1.0
Shields        | |  1.3

Action                   |  1- 3 |  4- 6 || total
-------------------------+-------+-------++-------
Melee: Unarmed           |     6 |    37 ||    43
       Headbutt          |     1 |     4 ||     5
       Kick              |       |     6 ||     6
 Fire: Hand crossbow     |    78 |     6 ||    84
  Use: Potion            |     3 |     2 ||     5
       Scroll            |     3 |     1 ||     4
Armor: Scale mail        |    27 |    80 ||   107
Dodge: Dodged            |    17 |    27 ||    44
Block: Buckler           |    16 |       ||    16
       Kite shield       |       |    33 ||    33
